 Dungeon Crawl Stone Soup version 0.24-a0-580-g6a6c3f83c1 (webtiles) character file.

Game seed: 11720676318396717678

79 Mame the Chopper (level 4, -11/40 HPs)
             Began as a Hill Orc Fighter on Aug 22, 2019.
             Mangled by a gnoll
             ... wielding a +0 halberd
              (12 damage)
             ... on level 2 of the Dungeon.
             The game lasted 00:02:14 (686 turns).

Mame the Chopper (Hill Orc Fighter)                  Turns: 686, Time: 00:02:16

Health: -11/40     AC:  6    Str: 19    XL:     4   Next: 37%
Magic:  4/4        EV:  9    Int:  8    God:
Gold:   14         SH:  0    Dex: 10    Spells: 3/3 levels left

rFire    . . .     SeeInvis .   a - +0 war axe
rCold    . . .     Gourm    .   (no shield)
rNeg     . . .     Faith    .   b - +0 scale mail
rPois    .         Spirit   .   (no helmet)
rElec    .         Reflect  .   (no cloak)
rCorr    .         Harm     .   (no gloves)
MR       .....                  (no boots)
Stlth    ..........             (no amulet)
HPRegen  0.13/turn              (no ring)
MPRegen  0.09/turn              (no ring)

@: lethally poisoned (-11 -> -13), slowed, very slow
A: no striking features
a: no special abilities


You were on level 2 of the Dungeon.
You were not hungry.

You visited 1 branch of the dungeon, and saw 2 of its levels.

You collected 14 gold pieces.

Inventory:

Hand Weapons
 a - a +0 war axe (weapon)
Armour
 b - a +0 scale mail (worn)
 c - a +0 shield
Jewellery
 e - an uncursed amulet of faith {unknown}
Scrolls
 g - a scroll of remove curse {unknown}
 h - a scroll of enchant weapon {unknown}
 i - 4 scrolls of identify {unknown}
 j - a scroll of noise {unknown}
 l - a scroll of teleportation {unknown}
 n - a scroll of blinking {unknown}
 o - a scroll of magic mapping {unknown}
Potions
 d - a potion of might
 k - a potion of mutation {unknown}
 m - a potion of haste {unknown}
Comestibles
 f - 2 rations


   Skills:
 - Level 4.0 Fighting
 * Level 5.2 Axes
 - Level 3.3 Armour
 - Level 3.6 Shields


You had 3 spell levels left.
You didn't know any spells.
Your spell library was empty.

Dungeon Overview and Level Annotations

Branches:
Dungeon (2/15)

Altars:


Message History

You slash the adder!
You kill the adder!
You closely miss the hobgoblin. You barely miss the frilled lizard.
You miss the adder.
You feel sick. The adder closely misses you.
The hobgoblin hits you but does no damage.
The gnoll hits you from afar with a +0 halberd!
* * * LOW HITPOINT WARNING * * *
The frilled lizard barely misses you. The adder bites you but does no damage.
The hobgoblin hits you.
* * * LOW HITPOINT WARNING * * *
The gnoll hits you but does no damage.
Okay, then.
You slash the frilled lizard!
You kill the frilled lizard!
You miss the adder. You hit the hobgoblin but do no damage.
The bat hits you but does no damage. The adder bites you but does no damage.
The hobgoblin hits you but does no damage.
The adder barely misses you.
The gnoll hits you from afar with a +0 halberd!
You die...

.........#
#..≈.....# ..≈.....
#.≈≈...# #.≈....#
#.≈gg.# ###.Sbg.#
#...†@≈.##### ..
##$.........# ...
#...>....#.#####...
##................
#...........#..# ...
#.......†.....# ..
#...........# ##...
####........###.....
#.#..........##


You could see a gnoll, an adder, a hobgoblin, a goblin and a bat.

Vanquished Creatures
  Jessica (D:2)
  2 adders (D:2)
  A worm (D:2)
  A leopard gecko (D:1)
  4 giant cockroaches
  2 goblins
  4 hobgoblins (D:1)
  4 jackals (D:1)
  A ball python (D:2)
  3 bats
  4 frilled lizards
  3 kobolds
  A rat (D:1)
31 creatures vanquished.

Notes
Turn   | Place    | Note
-------+----------+-------------------------------------------
     0 | D:1      | Mame the Hill Orc Fighter began the quest for the Orb.
     0 | D:1      | Reached XP level 1. HP: 19/19 MP: 1/1
    59 | D:1      | Reached XP level 2. HP: 22/27 MP: 2/2
   143 | D:1      | Reached skill level 3 in Axes
   506 | D:1      | Reached XP level 3. HP: 31/33 MP: 3/3
   672 | D:2      | Noticed Jessica
   679 | D:2      | Killed Jessica
   679 | D:2      | Reached skill level 4 in Axes
   679 | D:2      | Reached XP level 4. HP: 39/40 MP: 4/4
   683 | D:2      | Reached skill level 5 in Axes
   685 | D:2      | HP: 1/40 [hobgoblin (4)]
   686 | D:2      | Mangled by a gnoll

Levels and vault maps discovered:
D:1:      wander_arrival_estate, layout_basic, hangedman_decor_clover_reticule,
          serial_park_tiny_2, ebering_dispersal_statue_hall
D:2:      layout_rooms, serial_rivers, chequers_serial_rivers_small_3,
          chequers_serial_rivers_micro_a, chequers_serial_rivers_small_3,
          chequers_serial_rivers_micro_c, chequers_serial_rivers_micro_c,
          chequers_serial_rivers_large_b, minmay_pentomino_w4, uniq_jessica

Skill      XL: |  1  2  3  4 |
---------------+-------------+-----
Fighting       | 4 |  4.0
Axes           | 3 4 5 |  5.2
Armour         | |  3.3
Shields        | |  3.6

Action                   |  1- 3 |  4- 6 || total
-------------------------+-------+-------++-------
Melee: War axe           |    73 |     7 ||    80
Armor: Scale mail        |    54 |    22 ||    76
Dodge: Dodged            |    32 |    17 ||    49
Block: Shield            |    42 |       ||    42

Table legend:
 A = Non-vault XP
 B = Vault XP
 C = Vault XP percentage of total XP
 D = Non-vault monster count
 E = Vault monster count
 F = Vault count percentage of total count
                 A         B        C        D         E       F
            +---------+---------+-------+---------+---------+-------
      Total |      60 |      53 |  46.9 |      27 |       4 |  12.9
            +---------+---------+-------+---------+---------+-------
        D:1 |      35 |       0 |   0.0 |      20 |       0 |   0.0
        D:2 |      25 |      53 |  67.9 |       7 |       4 |  36.4
            +---------+---------+-------+---------+---------+-------
